 Dungeon Crawl Stone Soup version 0.21.0-8-gf18e19db4a (webtiles) character file.

525 Lektor the Stinger (level 7, -6/55 HPs)
             Began as a Naga Wizard on Jan 17, 2018.
             Mangled by a centaur zombie (8 damage)
             ... on level 5 of the Dungeon.
             The game lasted 00:28:31 (4380 turns).

Lektor the Stinger (Naga Wizard)                    Turns: 4380, Time: 00:28:32

Health: -6/55      AC: 11    Str:  8 (10) XL:     7   Next: 22%
Magic:  1/12       EV: 15    Int: 18 (20) God:
Gold:   190        SH:  0    Dex: 13 (14) Spells: 5/13 levels left

rFire    . . .     SeeInvis +   z - +0 falchion (protect)
rCold    . . .     Gourm    .   (no shield)
rNeg     . . .     Faith    .   a - +0 robe
rPois    +         Spirit   .   I - +0 helmet
rElec    .         Reflect  .   h - scarf {cloud immunity}
rCorr    .         Harm     .   (no gloves)
MR       .....                  (no barding)
Stlth    +++.......             (no amulet)
HPRegen  0.18/turn              F - ring of flight
MPRegen  0.13/turn              (no ring)

@: agile, lethally poisoned (-6 -> -8), about to teleport, short of breath,
protection aura, hasted, quick
A: large, see invisible, deformed body, poison resistance, slowness 2, slow
metabolism 1, spit poison 2, subdued magic 1, AC +2
a: Breathe Poison Gas, Evoke Flight


You were on level 5 of the Dungeon.
You were very hungry.

You visited 1 branch of the dungeon, and saw 5 of its levels.

You collected 190 gold pieces.

Inventory:

Hand Weapons
 e - a +0 hunting sling
 g - a +1 vampiric short sword
 k - a +2 mace of draining
 p - a +1 dagger of pain
 q - a +2 vampiric hand axe
 z - a +0 falchion of protection (weapon)
 O - a +1 dagger of speed
Missiles
 s - 221 stones (quivered)
 y - 3 tomahawks
 B - 66 arrows
 D - 29 sling bullets
 H - 13 bolts
Armour
 a - a +0 robe (worn)
 b - a +0 hat
 h - a scarf of cloud immunity (worn)
 I - a +0 helmet (worn)
 M - a +0 helmet
Jewellery
 F - a ring of flight (left hand)
Wands
 L - a wand of polymorph (13)
Scrolls
 j - a scroll of remove curse
 n - 4 scrolls of identify
 t - 2 scrolls of teleportation
 x - a scroll of fog
 C - a scroll of enchant armour {unknown}
 E - a scroll of amnesia {unknown}
 G - 3 scrolls of magic mapping {unknown}
 J - 4 scrolls of immolation
 K - a scroll of blinking {unknown}
 P - a scroll of enchant weapon {unknown}
Potions
 f - a potion of degeneration
 l - a potion of ambrosia
 o - 3 potions of curing {unknown}
 r - a potion of haste
 w - a potion of mutation
 N - 2 potions of flight {unknown}
Books
 c - a book of Minor Magic

   Spells                             Type                      Level
   a - Magic Dart                     Conjuration                  1
   b - Blink                          Translocation                2
   c - Call Imp                       Summoning                    2
   d - Slow                           Hexes                        2
   e - Conjure Flame                  Conjuration/Fire             3
   f - Mephitic Cloud                 Conjuration/Poison/Air       3
 m - a book of Maledictions

   Spells                             Type                      Level
   a - Corona                         Hexes                        1
   b - Ensorcelled Hibernation        Hexes/Ice                    2
   c - Confuse                        Hexes                        3
   d - Tukima's Dance                 Hexes                        3
   e - Dazzling Spray                 Conjuration/Hexes            3
Comestibles
 d - 12 rations


   Skills:
 - Level 1.7 Dodging
 - Level 3.0 Stealth
 + Level 3.5 Spellcasting
 + Level 3.1 Conjurations
 - Level 2.5 Summonings
 - Level 1.0 Translocations
 + Level 2.5 Air Magic
 + Level 6.3 Poison Magic


You had 5 spell levels left.
You knew the following spells:

 Your Spells              Type           Power        Failure   Level  Hunger
a - Magic Dart            Conj           ##..         3%          1    None
b - Blink                 Tloc           N/A          13%         2    ##.....
c - Call Imp              Summ           #.......     7%          2    ##.....
d - Mephitic Cloud        Conj/Pois/Air  ##......     7%          3    ###....


Dungeon Overview and Level Annotations

Branches:
Dungeon (5/15)
 Temple: D:4-7

Altars:
Okawaru

Annotations:
D:4 dracomuter's ghost, amateur GrEE


Innate Abilities, Weirdness & Mutations

You cannot wear boots.
Your serpentine skin is tough. (AC +2)
You have supernaturally acute eyesight. (SInv)
Armour fits poorly on your strangely shaped body.
Your system is resistant to poisons. (rPois)
You cover ground very slowly.
You have a slow metabolism.
You can exhale a cloud of poison.
Your spells are a little easier to cast, but a little less powerful.


Message History

It was a potion of mutation.
You feel extremely strange.
Your connection to magic feels subdued.
There is a nasty taste in your mouth for a moment.
You feel sick.
The killer bee stings you but does no damage.
The centaur zombie misses you.
You riposte.
You hit the centaur zombie.
The centaur zombie is heavily damaged.
It was a potion of agility.
You feel agile all of a sudden. The killer bee stings you.
* * * LOW HITPOINT WARNING * * *
The centaur zombie hits you.
* * * LOW HITPOINT WARNING * * *
The killer bee stings you but does no damage.
You closely miss the killer bee.
The killer bee is lightly wounded.
The killer bee barely misses you.
You riposte.
You miss the killer bee.
The killer bee is lightly wounded.
The centaur zombie hits you!
You die...

.........
.........#
.........#
#.......#
#.......#
#.......+
#......Z#
#......@#
#.....y.#####
#<......S...#
###.........#
#.........#
#..y.<....#
#.........#
#.........#
#.........#


You could see 2 killer bees, an adder (confused) and a centaur zombie.

Vanquished Creatures
  An ogre (D:4)
  A howler monkey (D:4)
  3 hounds (D:4)
  An orc priest (D:4)
  A bullfrog skeleton (D:4)
  An orc wizard (D:4)
  2 worker ants (D:4)
  Robin (D:3)
  3 adders
  An ooze (D:2)
  A worm (D:2)
  A leopard gecko (D:2)
  10 orcs
  7 bats
  2 giant cockroaches (D:3)
  16 goblins
  4 hobgoblins
  4 jackals
  2 quokkas
  3 ball pythons
  3 frilled lizards
  6 kobolds
  4 rats
78 creatures vanquished.

Vanquished Creatures (collateral kills)
  A killer bee (D:5)
  A worker ant (D:5)
  2 goblins (D:3)
  4 jackals
  A giant cockroach zombie (D:2)
9 creatures vanquished.

Vanquished Creatures (others)
  A killer bee (D:5)
1 creature vanquished.

Grand Total: 88 creatures vanquished

Notes
Turn   | Place    | Note
-------+----------+-------------------------------------------
     0 | D:1      | Lektor the Naga Wizard began the quest for the Orb.
     0 | D:1      | Reached XP level 1. HP: 15/15 MP: 4/4
   379 | D:1      | Reached XP level 2. HP: 13/22 MP: 0/6
   441 | D:1      | Learned a level 2 spell: Blink
   444 | D:1      | Learned a level 2 spell: Call Imp
  1030 | D:2      | Reached XP level 3. HP: 17/28 MP: 4/7
  1312 | D:2      | Learned a level 3 spell: Mephitic Cloud
  1387 | D:2      | Found an iron altar of Okawaru.
  1499 | D:2      | Reached skill level 1 in Poison Magic
  1724 | D:2      | You fall through a shaft!
  1769 | D:3      | Reached skill level 2 in Poison Magic
  2171 | D:3      | Noticed Robin
  2176 | D:3      | Reached XP level 4. HP: 36/36 MP: 2/8
  2380 | D:4      | Noticed an ogre
  2397 | D:4      | Killed an ogre
  2397 | D:4      | Reached skill level 4 in Poison Magic
  2397 | D:4      | Reached XP level 5. HP: 18/42 MP: 4/9
  2398 | D:4      | Reached skill level 5 in Poison Magic
  2445 | D:4      | Noticed dracomuter's ghost (amateur GrEE)
  2542 | D:3      | Killed Robin
  2967 | D:3      | Upgraded the game from 0.21.0-3-g78d12a8bdd to 0.21.0-8-gf18e19db4a
  3227 | D:4      | Reached skill level 1 in Air Magic
  3227 | D:4      | Reached XP level 6. HP: 42/49 MP: 4/10
  4076 | D:4      | Reached skill level 6 in Poison Magic
  4120 | D:4      | Reached XP level 7. HP: 47/55 MP: 12/12
  4338 | D:5      | Entered Level 5 of the Dungeon
  4378 | D:5      | Gained mutation: Your spells are a little easier to cast, but a little less powerful. [potion of mutation]
  4378 | D:5      | Gained mutation: You can exhale a cloud of poison. [potion of mutation]
  4379 | D:5      | HP: 2/55 [centaur zombie (1)]
  4380 | D:5      | Mangled by a centaur zombie

Skill      XL: |  1  2  3  4  5  6  7 |
---------------+----------------------+-----
Summonings     | 2 |  2.5
Poison Magic   | 2 4 5 6 |  6.3
Conjurations   | 2 3 |  3.1
Air Magic      | 1 2 |  2.5
Dodging        | |  1.7
Stealth        | |  3.0
Spellcasting   | |  3.5
Translocations | |  1.0

Action                   |  1- 3 |  4- 6 |  7- 9 || total
-------------------------+-------+-------+-------++-------
Melee: Dagger            |    86 |     1 |       ||    87
       Hand axe          |    19 |     4 |       ||    23
       Falchion          |     3 |   142 |    19 ||   164
 Fire: Hunting sling     |     3 |    31 |       ||    34
Throw: Stone             |     3 |       |       ||     3
 Cast: Magic Dart        |    48 |     9 |       ||    57
       Call Imp          |     4 |     2 |     1 ||     7
       Mephitic Cloud    |     1 |     8 |     4 ||    13
       Blink             |     1 |       |       ||     1
 Abil: Spit Poison       |    15 |    16 |     3 ||    34
  Use: Scroll            |     5 |     1 |     1 ||     7
       Potion            |       |       |     6 ||     6
 Stab: Sleeping          |     3 |       |       ||     3
       Confused          |     1 |     3 |       ||     4
  Eat: Chunk             |     3 |     8 |       ||    11
Armor: Robe              |    19 |    72 |    27 ||   118
Dodge: Dodged            |    59 |   100 |    33 ||   192
       Rpst.: Falchion   |       |    23 |    16 ||    39
